 Dungeon Sprint DCSS version 0.26-a0-683-g5206c1d7ac (webtiles) character file.

Game seed: 16296995654508669339

35 sahdkjhfkaj the Changer (level 3, -2/24 HPs)
             Began as a Felid Transmuter on Oct 23, 2020.
             Was a Believer of Sif Muna.
             Slain by a worm (11 damage)
             ... in the Dungeon (Sprint VII: "The Pits").
             The game lasted 00:01:24 (298 turns).

sahdkjhfkaj the Changer (Felid Transmuter)           Turns: 298, Time: 00:01:25

Health: -2/24      AC:  1    Str:  7    XL:     3   Next: 17%
Magic:  6/7        EV: 19    Int: 14    God:    Sif Muna [**....]
Gold:   0          SH:  0    Dex: 16    Spells: 5/6 levels left
                                        Lives:  0   Deaths: 0

rFire    . . .     SeeInvis +     - Unarmed
rCold    . . .     Faith    .   (shield unavailable)
rNeg     . . .     Spirit   .   (armour unavailable)
rPois    .         Reflect  .   (helmet unavailable)
rElec    .         Harm     .   (cloak unavailable)
rCorr    .         Rampage  .   (gloves unavailable)
MR       .....     NoTele   +   (boots unavailable)
Stlth    ..........             (no amulet)
HPRegen  0.08/turn              (no ring)
MPRegen  0.10/turn              (no ring)

@: berserking, appendages (expiring), very quick
A: very small, no armour, no weapons or thrown items, stealth, claws 1, fangs 3,
horns 2, see invisible, speed 1, shaggy fur 1, sharp paws
a: End Transformation, Channel Magic, Renounce Religion


You were in the Dungeon.
You worshipped Sif Muna.
Sif Muna was pleased with you.
You had grown temporary horns.
You visited 1 branch

Inventory:

Scrolls
 g - a scroll of blinking
 h - 3 scrolls of remove curse
 i - 5 scrolls of amnesia
 j - a scroll of summoning
Potions
 a - 2 potions of invisibility {!q}
 c - a potion of heal wounds {!q}
 d - a potion of haste {!q}
 e - 4 potions of magic {!q}
 f - 2 potions of berserk rage {!q}


   Skills:
 - Level 2.2 Fighting
 - Level 4.1 Dodging
 - Level 4.4 Unarmed Combat
 - Level 2.0 Spellcasting
 + Level 5.2 Transmutations


You had 5 spell levels left.
You knew the following spells:

 Your Spells              Type           Power        Failure   Level
a - Beastly Appendage     Tmut           ###...       2%          1

Your spell library contained the following spells:

 Spells                   Type           Power        Failure   Level
 Wereblood                Tmut           ###.....     4%          2
 Spider Form              Tmut/Pois      #.........   24%         3
 Blade Hands              Tmut           ###.......   58%         5
 Ice Form                 Ice/Tmut       #.......     63%         4


Dungeon Overview and Level Annotations

Branches:
Dungeon (1/1)

Altars:
Ashenzari
Cheibriados
Dithmenos
Elyvilon
Fedhas
Gozag
Hepliaklqana
Kikubaaqudgha
Makhleb
Nemelex Xobeh
Okawaru
Qazlal
Ru
Sif Muna
Trog
Uskayaw
Vehumet
Wu Jian
Xom
Yredelemnul
Zin
The Shining One
Beogh
Jiyva
Lugonu


Innate Abilities, Weirdness & Mutations

You cannot wear armour.
You are incapable of wielding weapons or throwing items.
Your paws allow you to move quietly. (Stealth)
You have sharp claws.
You have razor-sharp teeth.
You have supernaturally acute eyesight. (SInv)
You cover ground quickly.
You are covered in fur. (AC +1)
Your sharp claws are effective at attacking unaware monsters.
You have a pair of horns on your head.


Message History

Really quaff
f - 3 potions of berserk rage {!q}?
A red film seems to cover your vision as you go berserk!
You feel yourself moving faster!
You feel mighty! The ufetubus closely misses you. The ufetubus hits you.
* * * LOW HITPOINT WARNING * * *
You claw the ufetubus!
You kill the ufetubus!
Sif Muna accepts your kill.
Your Transmutations skill increases to level 4!
You claw the adder! You bite the adder.
You kill the adder!
Sif Muna accepts your kill.
Your Transmutations skill increases to level 5!
You have reached level 3!
Your experience leads to an increase in your attributes!
Increase (S)trength, (I)ntelligence, or (D)exterity?
You feel stronger.
Your transformation is almost over.
The worm bites you!
You die...

#_______...##########
##########'##........
#.?(.')))'.##......#.
##########.##........
#...........'........
#+#####'#####......#.
#..#..#..##........
#..'†.†..#####'####
##@####+###.......#
#.Bw.....##.......#
#........##.......#
#####+#####...<...#
#.......# #.......#
#.......# #########


You could see a worm and a giant cockroach.

Vanquished Creatures
  An adder (D)
  A river rat (D)
  2 ufetubi (D)
  An adder skeleton (D)
  A ball python (D)
  2 bats (D)
8 creatures vanquished.

Notes
Turn   | Place    | Note
-------+----------+-------------------------------------------
     0 | D        | sahdkjhfkaj the Felid Transmuter began the quest for the
                  | Orb.
     0 | D        | Reached XP level 1. HP: 9/9 MP: 4/4
    72 | D        | Found a bloodstained altar of Trog.
    72 | D        | Found a shimmering blue altar of Sif Muna.
    72 | D        | Found a viscous altar of Jiyva.
    72 | D        | Found a hazy altar of Hepliaklqana.
    72 | D        | Found an opulent altar of Gozag.
    73 | D        | Found a glowing golden altar of the Shining One.
    73 | D        | Found a glowing silver altar of Zin.
    73 | D        | Found a basalt altar of Yredelemnul.
    73 | D        | Found a shimmering altar of Xom.
    73 | D        | Found an ornate altar of the Wu Jian Council.
    73 | D        | Found a sacrificial altar of Ru.
    73 | D        | Found a stormy altar of Qazlal.
    73 | D        | Found an iron altar of Okawaru.
    73 | D        | Found a sparkling altar of Nemelex Xobeh.
    73 | D        | Found a burning altar of Makhleb.
    73 | D        | Found a blossoming altar of Fedhas.
    73 | D        | Found a white marble altar of Elyvilon.
    73 | D        | Found a shadowy altar of Dithmenos.
    73 | D        | Found a snail-covered altar of Cheibriados.
    75 | D        | Found a corrupted altar of Lugonu.
    75 | D        | Found a radiant altar of Vehumet.
    75 | D        | Found a roughly hewn altar of Beogh.
    76 | D        | Found an ancient bone altar of Kikubaaqudgha.
    76 | D        | Found a hide-covered altar of Uskayaw.
    76 | D        | Found a broken altar of Ashenzari.
    79 | D        | Became a worshipper of Sif Muna the Loreminder
   126 | D        | Reached XP level 2. HP: 3/13 MP: 4/6
   133 | D        | Reached * piety under Sif Muna
   133 | D        | Reached skill level 3 in Transmutations
   296 | D        | Reached ** piety under Sif Muna
   296 | D        | Reached skill level 4 in Transmutations
   297 | D        | Reached skill level 5 in Transmutations
   297 | D        | Reached XP level 3. HP: 9/16 MP: 5/7
   298 | D        | Slain by a worm

Illustrated notes

Levels and vault maps discovered:
D:        pitsprint [storerooms_1, entrance_room_1, metal_vault_4, armoury_2,
          mini_pit_1, grid_room_1, main_hall_1, silver_pit, the_coven_3,
          the_vestibule_1, steel_vault_5, golden_pit, hallway_of_sentries,
          crystal_vault_6, iron_vault_4, final_vault]

Skill      XL: |  1  2 |
---------------+-------+-----
Dodging        | 4 |  4.1
Fighting       | 2 |  2.2
Unarmed Combat | 4 |  4.4
Transmutations | 5 |  5.2
Spellcasting   | |  2.0

Action                   || total
-------------------------++-------
Melee: Unarmed           ||    17
       Bite              ||     3
       Headbutt          ||     2
 Cast: Beastly Appendage ||     4
  Use: Potion            ||     2
 Stab: Sleeping          ||     2
Dodge: Dodged            ||    15

Table legend: (Time is in decaauts)
 A = Elapsed time spent in this place.
 B = Non-inter-level travel time spent in this place.
 C = Inter-level travel time spent in this place.
 D = Time resting spent in this place.
 E = Time spent auto-exploring this place.
 F = Levels seen in this place.
 G = Mean time per level.
                   A        B        C        D        E       F      G
               +--------+--------+--------+--------+--------+-----+--------+
         Total |    285 |    285 |      0 |    210 |      0 |   1 |  285.0 |
       Dungeon |    285 |    285 |      0 |    210 |      0 |   1 |  285.0 |
               +--------+--------+--------+--------+--------+-----+--------+

Top non-repeatable levels by time:
       D: 285 daAuts
